 Dungeon Crawl Stone Soup version 0.26-a0-651-gb41185065b (webtiles) character file.

Game seed: 4475954061749635576

(classic levelgen) 105231 EnegeticOcto the Severer (level 15, -1/132 HPs)
             Began as a Deep Dwarf Fighter on Oct 23, 2020.
             Was the Champion of Ru.
             Slain by an alligator snapping turtle (14 damage)
             ... on level 4 of the Shoals.
             The game lasted 00:44:52 (5137 turns).

EnegeticOcto the Severer (Deep Dwarf Fighter)       Turns: 5137, Time: 00:44:52

Health: -1/132     AC: 27    Str: 19    XL:     15   Next: 57%
Magic:  10/10      EV:  6    Int: 16    God:    Ru [******]
Gold:   367        SH: 12    Dex: 12    Spells: 28/34 levels left

rFire    + . .     SeeInvis +   a - +3 broad axe (flame)
rCold    . . .     Faith    .   c - +1 kite shield
rNeg     + + .     Spirit   .   i - +10 chain mail of Galai {MR+ SInv}
rPois    +         Reflect  .   (no helmet)
rElec    .         Harm     .   C - +2 cloak {rPois}
rCorr    .         Rampage  .   U - +2 pair of gloves
MR       +++..                  O - +0 pair of boots
Stlth    ..........             (no amulet)
HPRegen  0.00/turn              F - ring "Yrhum" {Fire rN+ MR+}
MPRegen  0.12/turn              N - ring of protection from cold

@: afraid, no potions, non-regenerating, heavily drained
A: damage resistance, heal wounds, negative energy resistance 1, sense
surroundings 2, inability to drink while threatened, hated by all, inability to
train dodging, magic vulnerability 1, inexperienced 1, no regeneration
}: 1/15 runes: serpentine
a: Heal Wounds, Draw Out Power, Power Leap, Apocalypse, Renounce Religion


You were on level 4 of the Shoals.
You worshipped Ru.
Ru was exalted by your worship.
You visited 6 branches of the dungeon, and saw 26 of its levels.
You also visited: Ice Cave and Volcano.

You collected 829 gold pieces.
You spent 462 gold pieces at shops.

Inventory:

Hand Weapons
 a - a +3 broad axe of flaming (weapon)
 q - a +0 war axe
 D - a +2 vorpal war axe
Armour
 c - a +1 kite shield (worn)
 i - the +10 chain mail of Galai (worn) {MR+ SInv}
   (You took it off an orc warrior on level 10 of the Dungeon)

   It affects your resistance to hostile enchantments.
   It lets you see invisible.
 s - a +0 chain mail
 u - the +1 ring mail "Qunno" {-Tele rElec MR+ Str+8, unknown}
   (You found it on level 9 of the Dungeon)

   It affects your strength (+8).
   It insulates you from electricity.
   It affects your resistance to hostile enchantments.
   It prevents most forms of teleportation.
 v - a +0 plate armour
 y - a +4 chain mail of magic resistance
 z - a +3 plate armour
 C - a +2 cloak of poison resistance (worn)
 G - a +0 pair of gloves
 K - a +3 plate armour of fire resistance
 L - a +1 chain mail of fire resistance
 M - the +1 scale mail "Qibumij" {+Inv rCorr, unknown}
   (You found it in an ice cave)

   It lets you turn invisible.
   It provides partial protection from all sources of acid and corrosion.
 O - a +0 pair of boots (worn)
 U - a +2 pair of gloves (worn)
Jewellery
 m - an uncursed ring of poison resistance
 o - an uncursed ring of ice
 A - an uncursed ring of resist corrosion
 B - an uncursed ring of resist corrosion
 F - the ring "Yrhum" (left hand) {Fire rN+ MR+}
   (You found it on level 11 of the Dungeon)

   [ring of fire]

   It enhances your fire magic.
   It protects you from fire.
   It makes you vulnerable to cold.
   It protects you from negative energy.
   It affects your resistance to hostile enchantments.
 N - a ring of protection from cold (right hand)
 P - an uncursed ring of positive energy
 Q - an uncursed ring of see invisible
Wands
 E - a wand of disintegration (6)
 I - a wand of random effects (21)
 J - a wand of iceblast (6) {@v2}
 S - a wand of acid (15) {@v1}
Scrolls
 b - a scroll of blinking
 f - a scroll of remove curse {@r2}
 g - 2 scrolls of amnesia
 l - a scroll of magic mapping {@r5}
 H - a scroll of fog
 T - a scroll of identify {@r1}
Potions
 d - a potion of might {@q3}
 e - a potion of brilliance
 h - 2 potions of degeneration
 j - 3 potions of resistance {@q5}
 k - 2 potions of heal wounds {@q2}
 n - 2 potions of ambrosia
 p - 3 potions of berserk rage
 r - 3 potions of curing {@q1}
 t - a potion of stabbing
 w - a potion of cancellation
 x - a potion of mutation {unknown}
 R - 2 potions of haste {@q4}
Miscellaneous
 V - a condenser vane (inert)


   Skills:
 - Level 8.0(5.9) Fighting
 - Level 20.0(17.3) Axes
 - Level 8.0(5.9) Armour
 + Level 11.8(9.6) Shields
 - Level 10.0(7.8) Spellcasting
 + Level 9.0(6.9) Translocations
 - Level 3.0(1.2) Evocations


You had 28 spell levels left.
You knew the following spells:

 Your Spells              Type           Power        Failure   Level
a - Blink                 Tloc           N/A          19%         2
b - Passage of Golubria   Tloc           N/A          77%         4

Your spell library contained the following spells:

 Spells                   Type           Power        Failure   Level
 Gell's Gravitas          Tloc           ####......   36%         3
 Lesser Beckoning         Tloc           ####......   36%         3
 Teleport Other           Tloc           ####....     36%         3


Dungeon Overview and Level Annotations

Branches:
Dungeon (11/15)            Temple (1/1) D:5            Lair (4/6) D:11
 Shoals (4/4) Lair:2        Snake (4/4) Lair:4          Orc (2/2) D:9
    Elf (0/3) Orc:2         IceCv (visited)         Volcano (visited)

Altars:
Dithmenos
Elyvilon
Fedhas
Hepliaklqana
Nemelex Xobeh
Okawaru
Ru
Sif Muna
Trog
Uskayaw
Vehumet
Wu Jian
Xom
Yredelemnul
Zin
The Shining One
Beogh

Shops:
D:8 *   Orc:2 (!}[

Portals:
Trove: D:10 (show slimy rune of Zot)

Annotations:
Shoals:2 Donald


Innate Abilities, Weirdness & Mutations

You are resistant to damage.
You can heal yourself by infusing magical energy.
You resist negative energy. (rN+)
You passively map the area around you.
You cannot drink potions while threatened.
You are hated by all.
You cannot train Dodging skill.
You are slightly vulnerable to magic. (MR-)
You are somewhat inexperienced. (-2 XL)
You do not regenerate.


Message History

Unknown command.
Okay, then.
Unknown command.
You hit the water nymph. You burn the water nymph.
The water nymph is lightly wounded.
You hit the sea snake. You burn the sea snake.
The faun unwields a +0 quarterstaff.
The faun wields a +0 hunting sling.
The faun shoots a sling bullet.
You block the sling bullet.
You hear a splash.
The sea snake bites you but does no damage.
The satyr shoots an arrow.
The arrow hits you!
You hear a splash.
You slice the alligator snapping turtle!!
You burn the alligator snapping turtle.
The alligator snapping turtle is lightly wounded.
You barely miss the sea snake.
The merfolk javelineer is stunned by your will and fails to attack.
The merfolk aquamancer casts a spell.
The merfolk aquamancer blinks!
The merfolk siren chants a haunting song.
You resist with almost no effort.
The merfolk javelineer is stunned by your will and fails to attack.
The sea snake bites you but does no damage.
The faun shoots a sling bullet.
The sling bullet hits you but does no damage.
You hear a splash.
The merfolk aquamancer gestures at you while chanting.
The shard of ice hits you!!
* * * LOW HITPOINT WARNING * * *
The merfolk javelineer is stunned by your will and fails to attack.
The satyr shoots an arrow.
The arrow hits you!!
* * * LOW HITPOINT WARNING * * *
You focus your will and slow the satyr in retribution!
The sea snake bites you but does no damage.
You see here an arrow.
You feel much better.
The alligator snapping turtle is no longer blind.
The faun shoots a sling bullet.
The sling bullet hits you!
* * * LOW HITPOINT WARNING * * *
The merfolk aquamancer begins to cast a spell, but is stunned by your will!
The sea snake is stunned by your will and fails to attack.
The alligator snapping turtle barely misses you.
You feel much better. The sea snake bites you.
The satyr shoots an arrow.
You block the arrow.
The satyr is stunned by your will and fails to attack.
The sea snake bites you but does no damage.
You hear a shout!
You redirect the merfolk aquamancer's attack!
The merfolk aquamancer hits you but does no damage.
The satyr begins to cast a spell, but is stunned by your will!
The alligator snapping turtle bites you from afar!!
* * * LOW HITPOINT WARNING * * *
You feel much better.
The faun shoots a sling bullet.
You block the sling bullet.
The satyr begins to cast a spell, but is stunned by your will!
The sea snake bites you!
You redirect the merfolk aquamancer's attack!
You block the merfolk aquamancer's attack.
You redirect the faun's attack!
The merfolk aquamancer casts a spell at you.
You block the torrent of water.
The wave splashes down.
Splash!
You fall into the shallow water.
Moving in this stuff is going to be slow.
The satyr plays a lulling melody on his pipes!
You resist with almost no effort.
The satyr plays a rousing melody on his pipes!
The faun goes into a battle-frenzy!
You hear a shout! x5; You hear an angry hiss.
The satyr is no longer moving slowly.
The sea snake closely misses you.
You redirect the faun's attack!
The faun casts a spell at the sea snake.
The sea snake resists with some effort.
The merfolk aquamancer points at you and mumbles some strange words.
You block the torrent of water.
The wave splashes down.
The satyr plays a rousing melody on his pipes!
The satyr goes into a battle-frenzy!
The sea snake bites you.
The merfolk aquamancer hits you but does no damage.
The alligator snapping turtle bites you from afar!
You hear a shout!
You hear an angry hiss.
You hear a shout! x2
You hear an angry hiss.
You redirect the satyr's attack!
The water nymph falters for a moment.
The merfolk javelineer is stunned by your will and fails to attack.
The sea snake bites you but does no damage.
The merfolk aquamancer begins to cast a spell, but is stunned by your will!
The merfolk aquamancer hits you but does no damage.
You feel less exhausted.
A faun comes into view. It is wielding a +0 spear.
The sea snake bites you.
The merfolk aquamancer casts a spell at you.
The shard of ice hits you!!
* * * LOW HITPOINT WARNING * * *
You fail to use your ability.
The satyr is stunned by your will and fails to attack.
The faun begins to cast a spell, but is stunned by your will!
The sea snake bites you but does no damage.
The alligator snapping turtle bites you from afar!
You die...

≈≈ #..≈≈≈≈#m≈≈m.#.≈≈≈ , *
#..≈≈≈≈##≈m.##..≈≈ ,
*#.≈≈≈≈.≈##m##...≈≈ * ,,,
, #.≈≈≈..≈m(≈≈....≈≈≈
#..≈...t(≈......≈≈≈≈ ≈ *
#...≈≈(...........≈ ≈
,*#..≈≈c≈...$......≈≈ ≈ *
##.mt.≈.....(....≈≈ ≈ +* ,
#.@Scm...........≈≈ ≈ ,
,......#.....c.........≈≈
≈ ,
,...≈≈.########c........#
...≈≈..#..............## ,
,....≈≈.......$....$...#.
,
,,....≈≈≈≈≈.............'.
, ...≈≈≈≈≈≈............≈#.
,, ,,
..≈≈≈≈≈≈≈........).≈≈## ≈
,,
,....≈≈≈≈≈.........≈)≈.#


You could see an alligator snapping turtle, 2 satyrs, a sea snake, 3 merfolk
aquamancers, a snapping turtle, 2 fauns and a water nymph.

Vanquished Creatures
  Ilsuiw (Shoals:2)
  8 nagarajas
  A frost giant (IceCv)
  A merfolk javelineer (Shoals:3)
  3 merfolk impalers
  A fire dragon (Volcano)
  The ghost of Sarroq the Cleaver, a journeyman DDFi of Makhleb (D:10)
  The ghost of Lugonue the Spear-Bearer, a journeyman FoFi (D:11)
  5 naga warriors
  A hydra (Lair:2)
  16 anacondas
  A satyr (Shoals:4)
  A two-headed ogre (D:8)
  A death yak (IceCv)
  4 merfolk avatars
  A hell hog (Volcano)
  3 orc high priests (Orc:2)
  7 naga sharpshooters (Snake:4)
  5 shock serpents
  3 sea snakes
  A naga ritualist (Snake:4)
  A lindwurm (Lair:1)
  5 harpies
  A mana viper (Snake:1)
  5 orc knights
  2 ugly things
  3 cyclopes
  2 manticores (Shoals:4)
  4 orc sorcerers (Orc:2)
  An ice statue (IceCv)
  A faun (Shoals:2)
  7 guardian serpents (Snake:4)
  5 merfolk sirens
  5 black mambas
  12 naga magi
  3 water nymphs
  Maggie (D:8)
  2 cane toads (Lair:1)
  An efreet (D:11)
  A centaur skeleton (D:11)
  15 polar bears (IceCv)
  3 trolls
  A wind drake (Shoals:3)
  12 merfolk
  A hornet (D:11)
  3 hippogriffs
  A snapping turtle (Shoals:4)
  A shadow (D:8)
  A water elemental (Shoals:3)
  23 yaks
  6 fire bats (Volcano)
  A basilisk (Lair:4)
  2 steam dragons (Volcano)
  2 wargs
  23 nagas
  Duvessa (D:7)
  3 hell hounds (Volcano)
  5 porcupines
  2 black bears
  3 water moccasins
  3 ice beasts (D:11)
  19 orc warriors
  2 sky beasts
  An eye of draining (D:8)
  23 wolves
  5 ogres
  2 phantoms
  6 centaurs
  2 crocodiles
  A big kobold (D:9)
  6 bullfrogs
  3 scorpions
  Dowan (D:7)
  5 killer bees (D:11)
  4 howler monkeys
  2 centaur zombies
  4 lava snakes (Volcano)
  10 orc priests
  A bullfrog skeleton (D:9)
  A jelly (D:11)
  A quasit (D:6)
  A wyvern simulacrum (D:11)
  16 orc wizards
  2 iguanas
  4 worker ants (D:6)
  2 hell rats (Lair:4)
  A centaur simulacrum (D:11)
  4 adders
  4 gnolls (Orc:2)
  A hound simulacrum (D:11)
  3 shadow imps
  4 white imps
  2 ufetubi
  An adder zombie (D:6)
  2 worms
  The ghost of Lanoc the Ducker, a weakling SpFi (D:3)
  2 leopard geckos
  42 orcs
  A giant cockroach (D:7)
  A goblin (D:1)
  A hobgoblin (D:1)
  4 jackals (D:2)
  6 kobolds
  2 quokkas (D:8)
  A rat (Lair:4)
447 creatures vanquished.

Vanquished Creatures (others)
  An anaconda (Snake:4)
  A naga sharpshooter (Snake:2)
  A salamander mystic (Snake:3)
  A harpy (Shoals:4)
  A salamander (Snake:2)
  A black mamba (Snake:4)
  An orc warrior (Orc:1)
  A centaur (D:9)
  A river rat (Lair:4)
  17 fungi
  22 plants
48 creatures vanquished.

Grand Total: 495 creatures vanquished

Notes
Turn   | Place    | Note
-------+----------+-------------------------------------------
     0 | D:1      | EnegeticOcto the Deep Dwarf Fighter began the quest for the
                  | Orb.
     0 | D:1      | Reached XP level 1. HP: 20/20 MP: 1/1
    83 | D:2      | Reached skill level 3 in Axes
    83 | D:2      | Reached XP level 2. HP: 27/27 MP: 2/2
   124 | D:3      | Found a runed translucent door.
   124 | D:3      | Noticed Lanoc's ghost (weakling SpFi)
   140 | D:3      | Killed Lanoc's ghost
   183 | D:4      | You fall into a shaft and drop 3 floors!
   190 | D:7      | Reached skill level 4 in Axes
   190 | D:7      | Reached XP level 3. HP: 22/33 MP: 3/3
   191 | D:7      | Noticed a scorpion
   208 | D:7      | Killed a scorpion
   208 | D:7      | Reached skill level 5 in Axes
   208 | D:7      | Reached XP level 4. HP: 19/40 MP: 4/4
   220 | D:6      | Noticed a black bear
   221 | D:6      | Noticed a phantom
   230 | D:6      | Reached XP level 5. HP: 24/46 MP: 5/5
   231 | D:6      | Reached skill level 6 in Axes
   235 | D:6      | Killed a black bear
   235 | D:6      | Reached skill level 7 in Axes
   238 | D:6      | Reached XP level 6. HP: 43/55 MP: 6/6
   320 | D:6      | Reached skill level 8 in Axes
   328 | D:6      | Reached XP level 7. HP: 59/61 MP: 7/7
   409 | D:5      | Entered Level 5 of the Dungeon
   433 | D:5      | Reached skill level 9 in Axes
   458 | D:5      | Found a staircase to the Ecumenical Temple.
   469 | Temple   | Entered the Ecumenical Temple
   494 | Temple   | Became a worshipper of Ru the Awakened
   643 | D:8      | Reached skill level 1 in Spellcasting
   668 | D:8      | Noticed Maggie
   679 | D:8      | Killed Maggie
   679 | D:8      | Reached skill level 10 in Axes
   679 | D:8      | Reached XP level 8. HP: 38/68 MP: 8/11
   698 | D:7      | Noticed Duvessa
   698 | D:7      | Noticed Dowan
   706 | D:7      | Killed Dowan
   711 | D:7      | Killed Duvessa
   726 | D:7      | Reached skill level 11 in Axes
   780 | D:8      | Found Cefyst's Demolitions Depot.
   825 | D:7      | Found a glowing silver altar of Zin.
   910 | D:8      | Noticed a two-headed ogre
   930 | D:8      | Killed a two-headed ogre
   930 | D:8      | Reached skill level 12 in Axes
   930 | D:8      | Gained mutation: You passively map the area around you.
                  | [Deep Dwarf growth]
   930 | D:8      | Reached XP level 9. HP: 50/74 MP: 9/9
   950 | D:8      | Reached skill level 13 in Axes
   997 | D:9      | Noticed a troll
  1005 | D:9      | Killed a troll
  1009 | D:9      | Got a steaming ring mail
  1083 | D:8      | Found a sparkling altar of Nemelex Xobeh.
  1089 | D:8      | Gained mutation: You are somewhat inexperienced. (-2 XL)
                  | [Ru sacrifice]
  1089 | D:8      | Reached XP level 8. HP: 32/68 MP: 8/8
  1089 | D:8      | Reached XP level 7. HP: 32/61 MP: 7/7
  1089 | D:8      | Reached * piety under Ru
  1089 | D:8      | Reached ** piety under Ru
  1122 | D:9      | Reached skill level 14 in Axes
  1147 | D:9      | Reached XP level 8. HP: 46/68 MP: 8/8
  1184 | D:9      | Found a staircase to the Orcish Mines.
  1194 | D:9      | Identified a scroll of acquirement
  1197 | Orc:1    | Entered Level 1 of the Orcish Mines
  1204 | Orc:1    | Noticed an orc knight
  1274 | Orc:1    | Killed an orc knight
  1274 | Orc:1    | Reached skill level 15 in Axes
  1274 | Orc:1    | Reached XP level 9. HP: 50/74 MP: 4/4
  1501 | D:8      | Bought a condenser vane (2/2) for 280 gold pieces
  1659 | Orc:2    | Entered Level 2 of the Orcish Mines
  1659 | Orc:2    | Noticed a troll
  1663 | Orc:2    | Killed a troll
  1685 | Orc:2    | Found a staircase to the Elven Halls.
  1695 | Orc:2    | Noticed a troll
  1711 | Orc:2    | Killed a troll
  1711 | Orc:2    | Reached skill level 1 in Evocations
  1744 | Orc:2    | Noticed a cyclops
  1762 | Orc:2    | Killed a cyclops
  1810 | Orc:2    | Noticed an orc high priest
  1810 | Orc:2    | Noticed an orc high priest
  1810 | Orc:2    | Noticed an orc high priest
  1810 | Orc:2    | Noticed an orc knight
  1810 | Orc:2    | Noticed an orc knight
  1811 | Orc:2    | Noticed an orc sorcerer
  1811 | Orc:2    | Noticed an orc sorcerer
  1811 | Orc:2    | Noticed an orc knight
  1811 | Orc:2    | Noticed an orc knight
  1811 | Orc:2    | Noticed a sun demon
  1811 | Orc:2    | Noticed an orc sorcerer
  1812 | Orc:2    | Found Pouckia's Antique Armour Boutique.
  1812 | Orc:2    | Found Ehozxun's Antique Weapon Boutique.
  1812 | Orc:2    | Noticed an orc sorcerer
  1812 | Orc:2    | Paralysed by an orc sorcerer for 3 turns
  1814 | Orc:2    | Noticed a hellwing
  1816 | Orc:2    | Noticed a rust devil
  1817 | Orc:2    | HP: 2/75 [orc priest/divine providence (11)]
  1818 | Orc:2    | Noticed a red devil
  1819 | Orc:2    | Noticed a soul eater
  1819 | Orc:2    | Noticed a sun demon
  1819 | Orc:2    | Killed an orc sorcerer
  1820 | Orc:2    | Noticed an orange demon
  1820 | Orc:2    | Noticed a red devil
  1820 | Orc:2    | Noticed a sun demon
  1820 | Orc:2    | Killed an orc sorcerer
  1820 | Orc:2    | Reached XP level 10. HP: 45/84 MP: 1/3
  1820 | Orc:2    | Killed an orc sorcerer
  1820 | Orc:2    | Noticed a rust devil
  1822 | Orc:2    | Noticed a rust devil
  1825 | Orc:2    | Killed an orc high priest
  1825 | Orc:2    | Killed an orc sorcerer
  1825 | Orc:2    | Killed an orc high priest
  1825 | Orc:2    | Reached skill level 5 in Spellcasting
  1826 | Orc:2    | Killed an orc knight
  1826 | Orc:2    | Reached skill level 5 in Shields
  1827 | Orc:2    | Killed an orc knight
  1827 | Orc:2    | Reached skill level 16 in Axes
  1829 | Orc:2    | Killed an orc knight
  1829 | Orc:2    | Reached XP level 11. HP: 67/93 MP: 1/6
  1832 | Orc:2    | Killed an orc high priest
  1835 | Orc:2    | Killed an orc knight
  1847 | Orc:2    | Found Jala's Distillery.
  1855 | Orc:2    | Found Veagipom's Gadget Shoppe.
  1872 | Orc:2    | Bought a potion of heal wounds for 70 gold pieces
  1872 | Orc:2    | Bought a potion of might for 56 gold pieces
  1872 | Orc:2    | Bought a potion of curing for 42 gold pieces
  1872 | Orc:2    | Bought a potion of degeneration for 14 gold pieces
  1872 | Orc:2    | Acquired an uncursed ring of poison resistance
  2075 | D:10     | Entered Level 10 of the Dungeon
  2115 | D:10     | Found a portal to a secret trove of treasure.
  2199 | D:10     | Gained mutation: You cannot drink potions while threatened.
                  | [Ru sacrifice]
  2199 | D:10     | Reached *** piety under Ru
  2208 | D:10     | Noticed a cyan ugly thing
  2223 | D:10     | Killed a cyan ugly thing
  2235 | D:10     | Found a runed translucent gate.
  2235 | D:10     | Noticed Sarroq's ghost (journeyman DDFi)
  2236 | D:10     | Found a runed translucent gate.
  2236 | D:10     | Found a runed translucent gate.
  2237 | D:10     | Identified the +10 chain mail of Galai {MR+ SInv}
  2242 | D:10     | Found a roughly hewn altar of Beogh.
  2289 | D:10     | Killed Sarroq's ghost
  2306 | D:10     | Reached skill level 5 in Fighting
  2465 | D:11     | Noticed Lugonue's ghost (journeyman FoFi)
  2500 | D:11     | Found a runed translucent gate.
  2500 | D:11     | Found a runed translucent gate.
  2500 | D:11     | Found a runed translucent gate.
  2524 | D:11     | Killed Lugonue's ghost
  2558 | D:11     | Got the ring "Yrhum" {Fire}
  2560 | D:11     | Identified the ring "Yrhum" {Fire rN+ MR+} (You found it on
                  | level 11 of the Dungeon)
  2578 | D:11     | Noticed a cyan ugly thing
  2593 | D:11     | Killed a cyan ugly thing
  2664 | D:11     | Found a staircase to the Lair.
  2679 | D:11     | Reached XP level 12. HP: 61/103 MP: 7/7
  2699 | Lair:1   | Entered Level 1 of the Lair of Beasts
  2741 | Lair:1   | Reached skill level 5 in Armour
  2748 | Lair:1   | Found a dark tunnel.
  2758 | Volcano  | Entered a volcano
  2843 | Volcano  | Noticed a fire dragon
  2848 | Volcano  | Reached skill level 17 in Axes
  2854 | Volcano  | Noticed a hell hog
  2870 | Volcano  | Killed a fire dragon
  2872 | Volcano  | Killed a hell hog
  2902 | Volcano  | Found a radiant altar of Vehumet.
  2952 | Lair:2   | Found a frozen archway.
  2973 | IceCv    | Entered an ice cave
  3015 | IceCv    | Gained mutation: You are hated by all. [Ru sacrifice]
  3015 | IceCv    | Reached **** piety under Ru
  3015 | IceCv    | Reached ***** piety under Ru
  3069 | IceCv    | Noticed a death yak
  3087 | IceCv    | Killed a death yak
  3317 | IceCv    | Learned a level 2 spell: Blink
  3398 | IceCv    | Reached skill level 1 in Translocations
  3402 | IceCv    | Reached XP level 13. HP: 77/112 MP: 10/10
  3414 | IceCv    | Got a fine scale mail
  3432 | IceCv    | Noticed a frost giant
  3457 | IceCv    | Killed a frost giant
  3513 | Lair:2   | Found a basalt altar of Yredelemnul.
  3631 | Lair:4   | Found a staircase to the Snake Pit.
  3636 | Snake:1  | Entered Level 1 of the Snake Pit
  3869 | Snake:2  | Gained mutation: You cannot train Dodging skill. [Ru
                  | sacrifice]
  3897 | Snake:2  | Noticed a nagaraja
  3924 | Snake:2  | Killed a nagaraja
  3962 | Snake:3  | Reached skill level 18 in Axes
  3980 | Snake:4  | Entered Level 4 of the Snake Pit
  4167 | Snake:4  | Noticed a nagaraja
  4183 | Snake:4  | Killed a nagaraja
  4183 | Snake:4  | Gained mutation: You resist negative energy. (rN+) [Deep
                  | Dwarf growth]
  4183 | Snake:4  | Reached XP level 14. HP: 65/123 MP: 11/11
  4199 | Snake:4  | Noticed a nagaraja
  4209 | Snake:4  | Killed a nagaraja
  4233 | Snake:4  | Reached skill level 5 in Translocations
  4236 | Snake:4  | Noticed a nagaraja
  4246 | Snake:4  | Noticed a nagaraja
  4251 | Snake:4  | Noticed a nagaraja
  4256 | Snake:4  | Killed a nagaraja
  4256 | Snake:4  | Reached skill level 10 in Shields
  4257 | Snake:4  | Reached skill level 19 in Axes
  4257 | Snake:4  | Noticed a nagaraja
  4258 | Snake:4  | Killed a nagaraja
  4262 | Snake:4  | Killed a nagaraja
  4262 | Snake:4  | Noticed a nagaraja
  4264 | Snake:4  | Reached skill level 10 in Spellcasting
  4268 | Snake:4  | Killed a nagaraja
  4268 | Snake:4  | Killed a nagaraja
  4297 | Snake:4  | Got a serpentine rune of Zot
  4431 | Snake:3  | Reached XP level 15. HP: 75/132 MP: 11/11
  4593 | Lair:2   | Gained mutation: You are slightly vulnerable to magic.
                  | (MR-) [Ru sacrifice]
  4593 | Lair:2   | Reached ****** piety under Ru
  4629 | Lair:2   | Learned a level 4 spell: Passage of Golubria
  4688 | Lair:2   | Found a staircase to the Shoals.
  4697 | Shoals:1 | Entered Level 1 of the Shoals
  4735 | Shoals:2 | Noticed Ilsuiw
  4747 | Shoals:2 | Killed Ilsuiw
  4775 | Shoals:2 | Noticed Donald
  4950 | Shoals:4 | Entered Level 4 of the Shoals
  5045 | Shoals:4 | Reached skill level 20 in Axes
  5137 | Shoals:4 | Slain by an alligator snapping turtle

Illustrated notes

Levels and vault maps discovered:
D:1:      dpeg_arrival_yet_another_circle, layout_basic
D:2:      layout_rooms, uniq_natasha, uniq_jessica
D:3:      layout_loops_ring, lemuel_doored_altar,
          gammafunk_temple_overflow_pools, ebering_ghost_reflecting_pool,
          amethyst_killhole, chequers_serial_rivers_small_a, uniq_grinder,
          uniq_terence
D:4:      layout_basic, serial_shops, shop, minmay_pentomino_pile
D:5:      layout_loops_ring, minmay_temple_entry_mist, uniq_edmund
D:6:      layout_rooms, gup_sewer_entry_bubbles, nicolae_tso_swordbearing_angel
D:7:      layout_basic, basic_altar, uniq_duvessa
D:8:      layout_loops_ring, nemelex_xobeh_ov_fountains_minmay,
          nicolae_blasting_shop, lemuel_centaur_altar, uniq_maggie
D:9:      layout_rooms, nicolae_overflow_hidden_temple, david_orc_4
D:10:     layout_long_grid, trove_entry_hex_spiral, biasface_ghost_orc_armoury,
          uniq_joseph
D:11:     layout_roguey, grunt_lair_entry_orc_guard_hut, gammafunk_ghost_icy
Temple:   nicolae_temple_elliptical
Lair:1:   beast_lair_carwin_large_3, layout_regular_city,
          nicolae_volcano_entry_vermiform, tgw_fedhas, uniq_fannar
Lair:2:   layout_long_grid, minmay_shoals_entry_centaurs, basic_altar,
          portal_ice_cave_entry_pillars_2, minivault_25,
          minmay_lair_oklob_chamber, grunt_megastairs_2
Lair:3:   layout_small_grid
Lair:4:   layout_regular_city, minmay_snake_entry_guardpost_medium,
          minmay_hedge_maze, kennysheep_abandoned_house, uniq_nergalle
Shoals:1: layout_shoals, nicolae_shoals_aquamancer_cove
Shoals:2: layout_shoals, nicolae_shoals_hunting_party, uniq_ilsuiw, uniq_donald
Shoals:3: layout_shoals, nicolae_shoals_cliffside_cave
Shoals:4: shoals_end_simple, layout_shoals, uniq_louise
Snake:1:  layout_misc_corridors
Snake:2:  layout_chambers, uniq_vashnia
Snake:3:  layout_chambers
Snake:4:  grunt_snake_rune_serpentine_throne, layout_cave_town
Orc:1:    layout_caves
Orc:2:    st_orc_elflike, layout_caves

Skill      XL: |  1  2  3  4  5  6  7  8  9 10 11 12 13 14 15 |
---------------+----------------------------------------------+-----
Axes           | 3 4 5 7 8 14 15 13 16 17 18 19 20 | 20.0
Spellcasting   | 2 3 4 5 7 8 9 10 | 10.0
Evocations     | 2 3 |  3.0
Fighting       | 3 4 5 6 7 8 |  8.0
Shields        | 4 5 6 8 9 10 11 | 11.8
Armour         | 4 6 7 8 |  8.0
Translocations | 1 4 7 9 |  9.0

Action                   |  1- 3 |  4- 6 |  7- 9 | 10-12 | 13-15 || total
-------------------------+-------+-------+-------+-------+-------++-------
Melee: War axe           |    52 |    53 |    60 |       |       ||   165
       Broad axe         |       |       |   237 |   440 |   486 ||  1163
 Cast: Blink             |       |       |       |       |     8 ||     8
       Passage of Golubr |       |       |       |       |     2 ||     2
Invok: Sacrifice Experie |       |       |     1 |       |       ||     1
       Draw Out Power    |       |       |       |    18 |    32 ||    50
       Sacrifice Drink   |       |       |       |     1 |       ||     1
       Sacrifice Love    |       |       |       |     1 |       ||     1
       Sacrifice Nimblen |       |       |       |       |     1 ||     1
       Sacrifice Essence |       |       |       |       |     1 ||     1
 Abil: Heal Wounds       |     1 |     3 |    44 |    18 |    22 ||    88
Evoke: Wand              |       |       |     2 |     5 |    22 ||    29
       Condenser vane    |       |       |     1 |     2 |     7 ||    10
  Use: Scroll            |     3 |     1 |     7 |     9 |     9 ||    29
       Potion            |       |       |       |       |     1 ||     1
 Stab: Distracted        |       |       |     1 |       |     2 ||     3
       Invisible         |       |       |       |     1 |    12 ||    13
       Confused          |       |       |       |       |     5 ||     5
       Paralysed         |       |       |       |       |     8 ||     8
Armor: Scale mail        |    23 |    53 |    31 |       |       ||   107
       Chain mail        |       |       |    69 |   277 |   339 ||   685
       Plate armour      |       |       |    51 |    31 |       ||    82
       Skin              |       |       |       |       |     1 ||     1
Dodge: Dodged            |    19 |    38 |    66 |    92 |   127 ||   342
Block: Kite shield       |    41 |    59 |   171 |   303 |   316 ||   890

Table legend: (Time is in decaauts)
 A = Elapsed time spent in this place.
 B = Non-inter-level travel time spent in this place.
 C = Inter-level travel time spent in this place.
 D = Time resting spent in this place.
 E = Time spent auto-exploring this place.
 F = Levels seen in this place.
 G = Mean time per level.
                   A        B        C        D        E       F      G
               +--------+--------+--------+--------+--------+-----+--------+
         Total |   5007 |   4703 |    304 |      0 |      0 |  28 |  178.8 |
       Dungeon |   2215 |   2014 |    201 |      0 |      0 |  11 |  201.4 |
        Temple |     42 |     27 |     15 |      0 |      0 |   1 |   42.0 |
          Lair |    445 |    445 |      0 |      0 |      0 |   4 |  111.2 |
        Shoals |    420 |    420 |      0 |      0 |      0 |   4 |  105.0 |
     Snake Pit |    798 |    781 |     17 |      0 |      0 |   4 |  199.5 |
  Orcish Mines |    466 |    395 |     71 |      0 |      0 |   2 |  233.0 |
      Ice Cave |    462 |    462 |      0 |      0 |      0 |   1 |  462.0 |
       Volcano |    154 |    154 |      0 |      0 |      0 |   1 |  154.0 |
               +--------+--------+--------+--------+--------+-----+--------+

Top non-repeatable levels by time:
   IceCv: 462 daAuts
     D:8: 462 daAuts
     D:9: 432 daAuts
 Snake:4: 333 daAuts
    D:10: 316 daAuts
   Orc:2: 296 daAuts
    D:11: 276 daAuts
     D:6: 242 daAuts
  Lair:2: 216 daAuts
 Snake:1: 213 daAuts
     D:7: 203 daAuts
Shoals:4: 179 daAuts
   Orc:1: 169 daAuts
 Volcano: 154 daAuts
Shoals:3: 151 daAuts
